Map: 2000 Atmospheres LE

Players

DPGDark (Dark)

  • Race: Zerg Zerg
  • League: Master

DPGRogue (Rogue)

  • Race: Zerg Zerg

Event: ASUS ROG Fall 2021

VOD

Have the link to the VOD?

Description

Time

  • Played on: Sept. 19, 2021, 12:07 p.m.
  • Length: 11:28

All games in this series

Show
View Real Time Build Order
Export as new Build Order

DPGDark Zerg 

Build Orders: Pool Only 

Get SALT Encoding   

  12  0:17  Spawning Pool  
  11  0:21  Drone  
  11  0:26  Drone  
  13  0:30  Drone  
  14  0:40  Overlord  
  14  1:04  Zergling x4  
  14  1:05  Zergling x2  
  17  1:16  Zergling x2  
  18  1:28  Zergling x2  
  19  1:38  Zergling x2  
  20  1:53  Zergling x2  
  21  1:58  Spine Crawler x2  
  21  2:00  Spine Crawler  
  17  2:23  Zergling x2  
  13  2:46  Zergling x2  
  12  3:06  Zergling x2  
  13  3:29  Zergling x2  
  13  3:57  Zergling x2  
Show
View Real Time Build Order
Export as new Build Order

DPGRogue Zerg 

Build Orders: Hatch First 

Get SALT Encoding   

  12  0:00  Drone  
  13  0:12  Overlord  
  13  0:16  Drone  
  14  0:30  Drone x2  
  16  0:48  Hatchery  
  15  0:51  Drone  
  15  0:54  Drone  
  17  0:58  Drone  
  18  1:08  Extractor  
  17  1:13  Spawning Pool  
  17  1:16  Drone  
  17  1:19  Drone  
  18  1:28  Drone  
  19  1:39  Drone  
  20  2:00  Zergling x4  
  20  2:01  Zergling x2, Queen x2  
  27  2:11  Zergling x2  
  27  2:26  Zergling x2  
  27  2:28  Zergling x2  
  6  8:46  Extractor  
Tags
 
Add a new tag
Caveats
  • Supply blocks, unpowered buildings, or Contaminate may cause inaccurate times.
  • Supply counts are checked every 10 seconds.